 Seeded DCSS version 0.29.0-7-g18a832c13a (webtiles) character file.

Game seed: 1 (custom seed)

2160 Kazon the Trooper (level 8, -4/68 HPs)
             Began as a Demigod Fighter on Aug 31, 2022.
             Killed by divine providence
             ... invoked by an orc priest
              (13 damage)
             ... on level 6 of the Dungeon.
             The game lasted 00:20:29 (4636 turns).

Kazon the Trooper (Demigod Fighter)                 Turns: 4636, Time: 00:20:29

Health: -4/68      AC: 11    Str: 21    XL:     8   Next: 85%
Magic:  10/10      EV: 10    Int: 10    God:
Gold:   177        SH:  5    Dex: 17    Spells: 7/7 levels left

rFire   . . .      SeeInvis .   f - +0 demon blade (flame)
rCold   . . .      Faith    .   c - +0 buckler
rNeg    . . .      Spirit   .   b - +0 scale mail
rPois   .          Reflect  .   l - +0 helmet
rElec   .          Harm     .   (no cloak)
rCorr   .          Rampage  .   (no gloves)
Will    .....                   n - +2 pair of boots
Stlth   ..........              p - amulet of regeneration
HPRegen 1.01/turn               (no ring)
MPRegen 0.12/turn               (no ring)

@: no status effects
A: high MP 1, forlorn, divine attributes
a: no special abilities


You were on level 6 of the Dungeon.
You visited 1 branch of the dungeon, and saw 6 of its levels.

You collected 361 gold pieces.
You spent 184 gold pieces at shops.

Inventory:

Hand Weapons
 e - a +2 dagger of venom
 f - a +0 demon blade of flaming (weapon)
 s - the +3 falchion of Winter {venom, rCorr}
   (You bought it in a shop on level 3 of the Dungeon)

   It poisons the flesh of those it strikes.
   rCorr:     It protects you from acid and corrosion.
Missiles
 j - 9 poisoned darts (quivered)
 k - 3 stones
 q - 2 throwing nets
 x - 6 boomerangs
 B - 3 boomerangs of dispersal
Armour
 b - a +0 scale mail (worn)
 c - a +0 buckler (worn)
 l - a +0 helmet (worn)
 n - a +2 pair of boots (worn)
Jewellery
 h - a ring of magical power
 p - an amulet of regeneration (around neck)
Wands
 y - a wand of flame (13)
 A - a wand of mindburst (12)
Scrolls
 i - a scroll of identify
 o - a scroll of immolation {unknown}
 r - a scroll of fog {unknown}
 t - 2 scrolls of enchant weapon {unknown}
 v - a scroll of blinking {unknown}
 w - a scroll of vulnerability {unknown}
Potions
 a - a potion of ambrosia
 d - a potion of might
 g - a potion of haste
 m - a potion of berserk rage
 u - a potion of magic {unknown}
 z - 2 potions of flight {unknown}
 C - 2 potions of heal wounds {unknown}


   Skills:
 * Level 5.3 Fighting
 + Level 4.3(5.1) Short Blades
 + Level 3.9(4.9) Long Blades
 + Level 3.3 Throwing
 + Level 5.1 Armour
 + Level 2.3 Dodging
 + Level 1.0 Stealth
 + Level 4.2 Shields
 * Level 3.3 Evocations


You had 7 spell levels left.
You didn't know any spells.
Your spell library contained the following spells:

 Spells                   Type           Power      Damage    Failure   Level
 Apportation              Tloc           0%         N/A       77%         1
 Necrotise                Necr           0%         1d4       77%         1
 Sting                    Tmut/Pois      0%         1d3       77%         1
 Summon Small Mammal      Summ           0%         N/A       77%         1
 Ensorcelled Hibernation  Hex/Ice        0%         N/A       88%         2
 Poisonous Vapours        Pois/Air       0%         N/A       88%         2
 Spider Form              Tmut/Pois      0%         N/A       98%         3
 Anguish                  Hex/Necr       0%         N/A       100%        4
 Olgreb's Toxic Radiance  Pois           0%         N/A       100%        4


Dungeon Overview and Level Annotations

Branches:
Dungeon (6/15)
 Temple: D:4-7

Shops:
D:3 (


Innate Abilities, Weirdness & Mutations

You have an increased reservoir of magic. (+10% MP)
You shall have no god before yourself.
Your divine heritage dramatically boosts your attributes as you level up.


Message History

You closely miss the phantom.
The phantom is lightly damaged.
The phantom closely misses you.
You closely miss the phantom.
The phantom is lightly damaged.
You block the phantom's attack.
You slash the phantom! You burn the phantom.
The phantom is severely damaged.
The phantom closely misses you.
You closely miss the phantom.
The phantom is severely damaged.
You block the phantom's attack.
You hit the phantom. You burn the phantom.
The phantom is severely damaged.
The phantom hits you.
The orc priest mumbles some strange prayers to Beogh against you.
Beogh smites you!
* * * LOW HITPOINT WARNING * * *
The phantom hits you but does no damage.
The orc priest begins to cast a cantrip, but forgets the words!
You hit the phantom. You burn the phantom.
The phantom is almost destroyed.
The phantom hits you but does no damage.
You closely miss the phantom.
The phantom is almost destroyed.
The phantom hits you.
* * * LOW HITPOINT WARNING * * *
You hit the phantom but do no damage.
The phantom is almost destroyed.
The phantom hits you.
* * * LOW HITPOINT WARNING * * *
The phantom blinks!
You blink.
You closely miss the phantom.
The phantom is almost destroyed.
The phantom barely misses you.
You miss the phantom.
The phantom is almost destroyed.
The orc priest mumbles some strange prayers to Beogh against you.
Beogh smites you!
You die...

# ## .# ####### .# .(.8.8# .#
....... .# ##8.#(#(.
.########################).!(.(.(
...........)oo..@W....(.o#(..)(8.
.########################o.(..(..
.# ###.#.#.# .# ...... .# #(#(##
.# ## # ## #


You could see a phantom, an orc priest and an orc.

Vanquished Creatures
  Eustachio (D:4)
  Duvessa (D:5)
  A water moccasin (D:4)
  An ice beast (D:6)
  2 black bears
  5 ogres
  A phantom (D:4)
  A bullfrog (D:6)
  2 necrophages (D:5)
  4 scorpions (D:6)
  Dowan (D:5)
  A howler monkey (D:4)
  5 hounds
  2 orc priests
  2 iguanas
  3 orc wizards
  7 gnolls
  2 adders (D:2)
  An ufetubus (D:4)
  2 worms
  3 dart slugs
  23 orcs
  7 endoplasms
  A giant cockroach (D:1)
  8 goblins
  12 hobgoblins
  7 jackals
  8 kobolds
  4 quokkas
  5 ball pythons
  2 bats
  4 frilled lizards
  5 rats
134 creatures vanquished.

Notes
Turn   | Place    | Note
-------+----------+-------------------------------------------
     0 | D:1      | Kazon the Demigod Fighter began the quest for the Orb.
     0 | D:1      | Reached XP level 1. HP: 18/18 MP: 3/3
    50 | D:1      | Identified a scroll of acquirement
    50 | D:1      | Acquired a +0 demon blade of flaming
   439 | D:1      | Reached XP level 2. HP: 9/25 MP: 4/4
  1064 | D:3      | Found Umat's Antique Weapon Boutique.
  1158 | D:2      | Reached XP level 3. HP: 31/31 MP: 5/5
  1721 | D:2      | Reached XP level 4. HP: 38/38 MP: 6/6
  1878 | D:3      | Bought a crude falchion for 184 gold pieces
  1878 | D:3      | Identified the +3 falchion of Winter {venom, rCorr} (You
                  | bought it in a shop on level 3 of the Dungeon)
  2470 | D:4      | Noticed an ogre
  2484 | D:4      | Killed an ogre
  2485 | D:4      | Reached skill level 1 in Short Blades
  2485 | D:4      | Reached skill level 1 in Throwing
  2485 | D:4      | Reached XP level 5. HP: 45/45 MP: 7/7
  2626 | D:4      | Reached skill level 1 in Dodging
  2764 | D:4      | Noticed Eustachio
  2782 | D:4      | Killed Eustachio
  2783 | D:4      | Reached XP level 6. HP: 36/52 MP: 8/8
  2914 | D:4      | Reached skill level 1 in Evocations
  2914 | D:4      | Reached XP level 7. HP: 46/59 MP: 9/9
  3594 | D:5      | Entered Level 5 of the Dungeon
  3972 | D:5      | Reached XP level 8. HP: 67/67 MP: 10/10
  3997 | D:5      | Noticed Dowan
  3998 | D:5      | Noticed Duvessa
  4013 | D:5      | Killed Dowan
  4015 | D:5      | Killed Duvessa
  4380 | D:6      | Reached skill level 5 in Fighting
  4483 | D:6      | Reached skill level 5 in Armour
  4494 | D:6      | Reached skill level 1 in Stealth
  4577 | D:6      | Found the +6 shillelagh "Devastator" {shatter}
  4636 | D:6      | Killed from afar by an orc priest

Illustrated notes

Levels and vault maps discovered:
D:1:      dpeg_arrival_three_smaller_balls, layout_basic
D:2:      layout_loops_ring
D:3:      layout_basic, serial_shops, nicolae_shop_stone, st_stairs_7
D:4:      minmay_razor_zed, layout_basic, worldfamousw_hep_ancestral_shrine,
          uniq_eustachio, uniq_natasha
D:5:      layout_basic, uniq_duvessa
D:6:      layout_rooms, dilly_guarded_unrand_devastator

Skill      XL: |  1  2  3  4  5  6  7  8 |
---------------+-------------------------+-----
Fighting       | 3 4 5 |  5.3
Long Blades    | 2 3 |  3.9
Armour         | 3 4 5 |  5.1
Shields        | 3 4 |  4.2
Short Blades   | 1 2 3 4 |  4.3
Throwing       | 1 2 3 |  3.3
Dodging        | 1 2 |  2.3
Evocations     | 1 2 3 |  3.3
Stealth        | 1 |  1.0

Action                   |  1- 3 |  4- 6 |  7- 9 || total
-------------------------+-------+-------+-------++-------
Melee: Demon blade       |    93 |       |    65 ||   158
       Dagger            |    31 |   122 |   186 ||   339
       Falchion          |       |       |    22 ||    22
Throw: Stone             |     5 |     3 |    11 ||    19
       Dart              |       |     4 |    29 ||    33
  Use: Scroll            |     1 |       |     4 ||     5
Armor: Scale mail        |    54 |    45 |    87 ||   186
Dodge: Dodged            |    75 |    51 |    88 ||   214
Block: Buckler           |    29 |    17 |    48 ||    94
